 Dungeon Crawl Stone Soup version 0.28-a0-1524-ge72afd5fc6 (webtiles) character file.

Game seed: 5556534382117322114

2606 dolemite99 the Cleaver (level 9, -19/66 HPs)
             Began as a Demonspawn Fighter on Jan 17, 2022.
             Was an Initiate of Yredelemnul.
             Killed from afar by Maggie (22 damage)
             ... with a bolt of fire
             ... on level 6 of the Dungeon.
             The game lasted 00:11:57 (10540 turns).

dolemite99 the Cleaver (Demonspawn Fighter)        Turns: 10540, Time: 00:11:58

Health: -19/66     AC: 11    Str: 21    XL:     9   Next: 33%
Magic:  9/9        EV:  7    Int:  9    God:    Yredelemnul [......]
Gold:   221        SH:  4    Dex: 13    Spells: 8/8 levels left

rFire   . . .      SeeInvis .   a - +0 hand axe (flame)
rCold   . . .      Faith    .   c - +0 buckler
rNeg    . . .      Spirit   .   q - +0 chain mail
rPois   .          Reflect  .   (helmet restricted)
rElec   .          Harm     .   (no cloak)
rCorr   .          Rampage  .   (no gloves)
Will    .....                   w - +0 pair of boots
Stlth   ..........              p - amulet of the acrobat
HPRegen 0.21/turn               (no ring)
MPRegen 0.11/turn               (no ring)

@: no status effects
A: antennae 2, rugged brown scales 1, ignite blood 1, powered by death 1
a: Renounce Religion, Recall Undead Harvest


You were on level 6 of the Dungeon.
You worshipped Yredelemnul.
Yredelemnul was noncommittal.
You visited 1 branch of the dungeon, and saw 6 of its levels.

You collected 221 gold pieces.

Inventory:

Hand Weapons
 a - a +0 hand axe of flaming (weapon)
 d - a +0 war axe
 e - a +0 war axe
 i - a -3 hunting sling
 v - a +2 antimagic flail
Missiles
 h - 202 stones
 m - 48 sling bullets
 o - 10 poisoned darts (quivered)
 A - 68 arrows
Armour
 c - a +0 buckler (worn)
 q - a +0 chain mail (worn)
 r - a +0 helmet
 w - a +0 pair of boots (worn)
 z - a +0 chain mail
Jewellery
 p - an amulet of the acrobat (around neck)
Wands
 n - a wand of flame (39)
 y - a wand of polymorph (12)
 C - a wand of acid (4)
Scrolls
 l - a scroll of magic mapping
 x - a scroll of blinking
 B - 2 scrolls of fear
Potions
 b - a potion of resistance {unknown}
 f - 5 potions of brilliance
 g - a potion of attraction {unknown}
 j - 2 potions of curing {unknown}
 k - 2 potions of lignification {unknown}
 s - 2 potions of degeneration {unknown}
 t - a potion of cancellation {unknown}
 u - a potion of ambrosia {unknown}
 D - a potion of mutation {unknown}


   Skills:
 - Level 4.0 Fighting
 + Level 11.2 Axes
 - Level 2.6 Armour
 - Level 2.6 Shields
 - Level 2.8 Evocations


You had 8 spell levels left.
You didn't know any spells.
Your spell library was empty.

Dungeon Overview and Level Annotations

Branches:
Dungeon (6/15)             Temple (0/1) D:4

Altars:
Elyvilon
Gozag
Makhleb
Qazlal
Yredelemnul
Zin

Annotations:
D:3 Grinder
D:4 exclusion: downstairs
D:6 Maggie


Innate Abilities, Weirdness & Mutations

You have a pair of antennae on your head.
You are partially covered in rugged brown scales. (AC +1, +3% HP)
Your demonic aura sometimes causes spilled blood to erupt in flames.
You regenerate a little health from kills.


Message History

Maggie is moderately wounded.
You hit Maggie but do no damage.
Maggie is moderately wounded.
Your spectral jelly hits Maggie but does no damage.
Maggie is engulfed in blazing flames.
You block Maggie's attack.
You closely miss Maggie.
Maggie is heavily wounded.
Your spectral jelly barely misses Maggie.
Maggie is engulfed in blazing flames.
Maggie hits you with a +0 morningstar.
You barely miss Maggie.
Maggie is severely wounded.
Your spectral jelly hits Maggie but does no damage.
Maggie is engulfed in blazing flames.
Maggie hits you with a +0 morningstar!
You hit Maggie but do no damage.
Maggie is severely wounded.
Your spectral jelly hits Maggie but does no damage.
Maggie points at you and mumbles some strange words.
The bolt of fire hits you!!
* * * LOW HITPOINT WARNING * * *
You hit Maggie but do no damage.
Maggie is severely wounded.
Your spectral jelly hits Maggie but does no damage.
Maggie hits your spectral jelly with a +0 morningstar!
Your spectral jelly is destroyed!
Maggie shouts!
You hit Maggie. You burn Maggie.
Maggie is almost dead.
You block Maggie's attack.
You closely miss Maggie.
Maggie is almost dead.
You break out of your daze.
Maggie points at you and mumbles some strange words.
The bolt of fire hits you!
* * * LOW HITPOINT WARNING * * *
You hit Maggie but do no damage.
Maggie is almost dead.
Maggie points at you and mumbles some strange words.
The bolt of fire hits you!!
You die...
Your body rises from the dead as a mindless zombie.

######### ##
############....... #.
...........#......# #.
...........#......# #.
...........#..[@..# ### #.
...........#....@.+ +.# #.
...........#......+ { +.# #.
...........#......# #.# #.
###..####'##......# #.#####.
####..........##########.......
#..........#.....'...)......
#..........#.....#..........
#..........#.....#..........
#..........#.....#..........


You could see Maggie.

Vanquished Creatures
  A troll (D:5)
  Sigmund (D:2)
  A wyvern (D:5)
  Edmund (D:4)
  A water moccasin (D:5)
  An orc warrior (D:4)
  An ice beast (D:6)
  A sky beast (D:5)
  A black bear (D:4)
  2 ogres
  A centaur (D:6)
  A phantom (D:4)
  A wyvern zombie (D:5)
  A gnoll sergeant (D:5)
  3 scorpions
  2 jellies (D:6)
  A bullfrog skeleton (D:6)
  3 hounds
  2 gnoll shamans
  Terence (D:2)
  3 iguanas
  An orc wizard (D:4)
  A hound skeleton (D:5)
  19 gnolls
  2 adders
  A white imp (D:5)
  3 ufetubi
  A spectral white imp (D:5)
  3 dart slugs
  9 orcs
  4 ball pythons
  4 bats
  8 endoplasms
  2 giant cockroaches
  13 goblins
  13 hobgoblins
  4 jackals (D:1)
  5 quokkas
  3 frilled lizards
  2 gnoll zombies
  A goblin zombie (D:4)
  A hobgoblin zombie (D:4)
  3 kobolds (D:4)
  A rat (D:2)
  A spectral ufetubus (D:4)
135 creatures vanquished.

Vanquished Creatures (collateral kills)
  A black bear (D:5)
  A scorpion (D:5)
  A gnoll shaman (D:5)
  6 gnolls
  3 orcs
  A ball python (D:1)
  A goblin (D:4)
  A hobgoblin (D:4)
15 creatures vanquished.

Vanquished Creatures (others)
  A spectral ice beast (D:6)
  A scorpion zombie (D:6)
  A hound zombie (D:5)
  A spectral jelly (D:6)
  A human zombie (D:4)
  An adder zombie (D:6)
  2 bat zombies (D:1)
  6 gnoll zombies
  A ball python zombie (D:2)
  A giant cockroach zombie (D:2)
  3 goblin zombies (D:4)
  A hobgoblin zombie (D:4)
  A kobold zombie (D:4)
  An orc zombie (D:4)
  A spectral endoplasm (D:3)
  A spectral ufetubus (D:5)
  2 plants (D:4)
26 creatures vanquished.

Grand Total: 176 creatures vanquished

Notes
Turn   | Place    | Note
-------+----------+-------------------------------------------
     0 | D:1      | dolemite99 the Demonspawn Fighter began the quest for the
                  | Orb.
     0 | D:1      | Reached XP level 1. HP: 18/18 MP: 1/1
    53 | D:1      | Reached skill level 2 in Axes
   410 | D:1      | Found a faded altar of an unknown god.
   417 | D:1      | Gained mutation: You have a pair of small antennae on your
                  | head. [demonic ancestry]
   417 | D:1      | Reached XP level 2. HP: 7/24 MP: 2/2
   832 | D:1      | Prayed at the altar of an unknown god.
   832 | D:1      | Became a worshipper of Yredelemnul the Dark
   832 | D:1      | Reached * piety under Yredelemnul
  1086 | D:1      | Reached skill level 3 in Axes
  1302 | D:1      | Gained mutation: You are partially covered in rugged brown
                  | scales. (AC +1, +3% HP) [demonic ancestry]
  1302 | D:1      | Reached XP level 3. HP: 23/29 MP: 3/3
  1303 | D:1      | Reached ** piety under Yredelemnul
  1888 | D:2      | Noticed Sigmund
  1895 | D:2      | Killed Sigmund
  1896 | D:2      | Reached skill level 5 in Axes
  1896 | D:2      | Gained mutation: Your demonic aura sometimes causes spilled
                  | blood to erupt in flames. [demonic ancestry]
  1896 | D:2      | Reached XP level 4. HP: 10/36 MP: 4/4
  1896 | D:2      | Reached XP level 5. HP: 12/42 MP: 5/5
  2145 | D:2      | Noticed Terence
  2153 | D:2      | Killed Terence
  2757 | D:3      | Noticed Grinder
  2757 | D:3      | Paralysed by Grinder for 3 turns
  2767 | D:3      | Paralysed by Grinder for 6 turns
  2777 | D:3      | Paralysed by Grinder for 5 turns
  2784 | D:3      | Paralysed by Grinder for 7 turns
  3339 | D:3      | Paralysed by Grinder for 4 turns
  3641 | D:3      | Paralysed by Grinder for 5 turns
  3956 | D:4      | Noticed Edmund
  3969 | D:4      | Killed Edmund
  3970 | D:4      | Reached skill level 6 in Axes
  3970 | D:4      | Reached XP level 6. HP: 42/48 MP: 4/6
  4196 | D:4      | Your ally Edmund died
  4444 | D:4      | Found a stormy altar of Qazlal.
  4459 | D:4      | Reached skill level 7 in Axes
  4459 | D:4      | Reached XP level 7. HP: 41/53 MP: 7/7
  4528 | D:4      | Found a staircase to the Ecumenical Temple.
  4553 | D:4      | Found a burning altar of Makhleb.
  5646 | D:5      | Entered Level 5 of the Dungeon
  6293 | D:5      | HP: 2/55 [poisoned by a water moccasin]
  6573 | D:5      | Gained mutation: You regenerate a little health from kills.
                  | [demonic ancestry]
  6573 | D:5      | Reached XP level 8. HP: 43/61 MP: 8/8
  6918 | D:5      | Reached skill level 8 in Axes
  7366 | D:5      | Reached skill level 9 in Axes
  9222 | D:5      | Noticed a troll
  9231 | D:5      | Killed a troll
  9232 | D:5      | Reached skill level 10 in Axes
  9232 | D:5      | Gained mutation: You have a pair of antennae on your head.
                  | [demonic ancestry]
  9232 | D:5      | Reached XP level 9. HP: 39/66 MP: 9/9
 10012 | D:6      | Found an opulent altar of Gozag.
 10194 | D:6      | Reached skill level 11 in Axes
 10516 | D:6      | Noticed Maggie
 10539 | D:6      | HP: 3/66 [Maggie/bolt of fire (14)]
 10540 | D:6      | Killed from afar by Maggie

Illustrated notes

Levels and vault maps discovered:
D:1:      dpeg_arrival_boxorama, layout_basic, ebering_ecumenical_altar_rust,
          minmay_close_crescents
D:2:      layout_loops_corners, basic_altar, minmay_misc_feat_rugged,
          uniq_terence, uniq_sigmund
D:3:      minmay_evil_eye, layout_basic, uniq_grinder
D:4:      corexii_shantytown, layout_cave_pods, old_standard_altar,
          overflow_temple_1_default, mainiacjoe_overflow_six_doors_small,
          mainiacjoe_overflow_brackets, minmay_temple_entry_slanted, uniq_edmund
D:5:      layout_rooms
D:6:      layout_gridville, grunt_gozag_statues, kennysheep_generic_room_12,
          uniq_maggie

Skill      XL: |  1  2  3  4  5  6  7  8  9 |
---------------+----------------------------+-----
Axes           | 2 3 5 6 7 10 11 | 11.2
Evocations     | 2 |  2.8
Fighting       | 4 |  4.0
Armour         | |  2.6
Shields        | |  2.6

Action                   |  1- 3 |  4- 6 |  7- 9 || total
-------------------------+-------+-------+-------++-------
Melee: War axe           |    75 |     4 |       ||    79
       Hand axe          |       |    44 |   342 ||   386
Throw: Stone             |     6 |     1 |       ||     7
       Dart              |       |       |    45 ||    45
Evoke: Wand              |       |    10 |     6 ||    16
  Use: Potion            |     1 |     1 |     2 ||     4
       Scroll            |     1 |       |     6 ||     7
 Stab: Distracted        |     1 |       |     1 ||     2
       Paralysed         |       |       |     8 ||     8
Armor: Scale mail        |    46 |     1 |       ||    47
       Chain mail        |       |    21 |   176 ||   197
       Skin              |       |     2 |       ||     2
Dodge: Dodged            |    34 |    21 |   123 ||   178
Block: Buckler           |    10 |     9 |    77 ||    96

Table legend: (Time is in decaauts)
 A = Elapsed time spent in this place.
 B = Non-inter-level travel time spent in this place.
 C = Inter-level travel time spent in this place.
 D = Time resting spent in this place.
 E = Time spent auto-exploring this place.
 F = Levels seen in this place.
 G = Mean time per level.
                   A        B        C        D        E       F      G
               +--------+--------+--------+--------+--------+-----+--------+
         Total |  10546 |   9917 |    629 |   4918 |   3102 |   6 | 1757.7 |
       Dungeon |  10546 |   9917 |    629 |   4918 |   3102 |   6 | 1757.7 |
               +--------+--------+--------+--------+--------+-----+--------+

Top non-repeatable levels by time:
     D:4: 3476 daAuts
     D:5: 2338 daAuts
     D:2: 2135 daAuts
     D:1: 1451 daAuts
     D:6: 864 daAuts
     D:3: 280 daAuts
